Map: [ESL] Data-C

Players

Harstem - Winner!

  • Race: Protoss Protoss
  • Spawn Location: 3:00

MaxPax

  • Race: Protoss Protoss
  • Spawn Location: 9:00

Event: DreamHack SC2 Masters 2022 Atlanta (Online)

VOD

Have the link to the VOD?

Description

Time

  • Played on: Oct. 8, 2022, 10:19 a.m.
  • Length: 7:48

All games in this series

Show
View Real Time Build Order
Export as new Build Order

Harstem Protoss - Winner!

Build Orders: Blink Stalkers 

Get SALT Encoding   

  12  0:00  Probe  
  13  0:12  Probe  
  14  0:17  Pylon  
  14  0:24  Probe (Chrono Boost)  
  15  0:36  Gateway, Probe (Chrono Boost)  
  16  0:44  Probe (Chrono Boost)  
  16  0:47  Assimilator  
  17  0:51  Probe  
  17  0:54  Assimilator  
  18  1:03  Probe (Chrono Boost)  
  19  1:06  Gateway  
  20  1:12  Probe (Chrono Boost)  
  20  1:17  Probe (Chrono Boost)  
  20  1:23  Cybernetics Core  
  21  1:29  Probe  
  22  1:36  Pylon  
  22  1:41  Probe  
  24  2:00  Stalker x2  
  28  2:03  Robotics Facility  
  27  2:12  Warp Gate  
  28  2:16  Pylon  
  27  2:30  Adept x2  
  30  2:47  Warp Prism (Chrono Boost)  
  32  2:55  Gateway  
  32  3:05  Twilight Council  
  32  3:19  Pylon  
  32  3:37  Blink (Chrono Boost)  
  32  3:49  Pylon  
  32  4:00  Stalker x3  
  38  4:24  Stalker x3  
  44  4:37  Pylon  
  44  4:59  Stalker x2  
  48  5:00  Stalker  
  48  5:03  Pylon  
  50  5:22  Stalker x2  
  50  5:23  Stalker  
  56  5:46  Stalker x3  
  62  5:55  Pylon  
  62  6:18  Stalker x3  
  66  6:41  Stalker x3  
  70  7:08  Stalker x3  
  70  7:11  Shield Battery  
  54  7:38  Stalker x3  
Show
View Real Time Build Order
Export as new Build Order

MaxPax Protoss 

Build Orders: 1 Gate Expand, Proxy Void Ray 

Get SALT Encoding   

  12  0:00  Probe  
  13  0:12  Probe  
  14  0:19  Pylon  
  14  0:24  Probe  
  15  0:37  Probe (Chrono Boost)  
  15  0:39  Gateway  
  16  0:47  Probe (Chrono Boost), Assimilator  
  17  0:52  Probe (Chrono Boost)  
  18  1:03  Probe  
  19  1:16  Probe  
  20  1:23  Nexus  
  20  1:35  Cybernetics Core  
  20  1:38  Probe  
  21  1:44  Assimilator  
  21  1:50  Probe  
  22  1:54  Pylon  
  22  2:03  Probe  
  23  2:09  Adept (Chrono Boost)  
  23  2:15  Stargate  
  25  2:18  Probe  
  26  2:29  Warp Gate  
  26  2:30  Probe  
  26  2:35  Stalker  
  29  2:41  Probe  
  30  2:51  Shield Battery  
  31  2:54  Shield Battery  
  29  3:03  Void Ray (Chrono Boost)  
  29  3:05  Probe  
  35  3:10  Shield Battery  
  35  3:12  Probe  
  35  3:31  Void Ray (Chrono Boost)  
  35  3:49  Shield Battery, Probe  
  36  3:56  Shield Battery  
  36  4:03  Probe  
  37  4:16  Void Ray (Chrono Boost)  
  41  4:19  Shield Battery  
  41  4:27  Stalker  
  43  4:40  Gateway  
  43  4:43  Pylon  
  41  4:53  Probe  
  46  5:07  Void Ray (Chrono Boost)  
  45  5:14  Sentry  
  47  5:21  Probe  
  47  5:23  Probe  
  49  5:36  Probe  
  49  5:37  Stalker  
  50  5:42  Pylon  
  50  5:45  Shield Battery  
  50  5:49  Stalker  
  56  6:07  Void Ray (Chrono Boost)  
  56  6:11  Stalker  
  56  6:20  Probe  
  56  6:21  Probe  
  56  6:32  Probe  
  57  6:33  Probe  
  61  6:52  Pylon  
  61  6:56  Robotics Facility  
  61  7:04  Stalker  
  50  7:08  Stalker  
  50  7:12  Gateway  
  50  7:13  Shield Battery  
  52  7:15  Probe  
  38  7:31  Stalker  
  38  7:37  Stalker  
Tags
 
Add a new tag
Caveats
  • Supply blocks, unpowered buildings, or Contaminate may cause inaccurate times.
  • Supply counts are checked every 10 seconds.